 Dungeon Crawl Stone Soup version 0.24-a0-479-g9a978d2894 (webtiles) character file.

Game seed: 1691938456632237826

1803 Gynju the Ruffian (level 8, -6/75 HPs)
             Began as a Troll Monk on July 7, 2019.
             Was a Priest of Yredelemnul.
             Mangled by a killer bee (7 damage)
             ... on level 7 of the Dungeon.
             The game lasted 00:16:43 (5414 turns).

Gynju the Ruffian (Troll Monk)                      Turns: 5414, Time: 00:16:43

Health: -6/75      AC:  8    Str: 23    XL:     8   Next: 83%
Magic:  11/11      EV: 11    Int:  8    God:    Yredelemnul [***...]
Gold:   434        SH:  0    Dex: 14    Spells: 7/7 levels left

rFire    . . .     SeeInvis .     - Unarmed
rCold    . . .     Gourm    +   (no shield)
rNeg     . . .     Faith    .   i - +1 robe {MR+}
rPois    +         Spirit   .   (helmet restricted)
rElec    .         Reflect  .   d - +0 cloak of the Yeti {Str+3}
rCorr    .         Harm     .   (gloves unavailable)
MR       +....                  (boots unavailable)
Stlth    ++........             (no amulet)
HPRegen  0.62/turn              u - ring of poison resistance
MPRegen  0.12/turn              s - +2 ring of intelligence

@: lethally poisoned (-6 -> -6), lightly drained
A: large, unfitting armour, claws 3, fast metabolism 3, gourmand, regeneration
1, shaggy fur 1, tough skin 3
a: Recall Undead Slaves, Injury Mirror, Animate Dead, Renounce Religion


You were on level 7 of the Dungeon.
You worshipped Yredelemnul.
Yredelemnul was most pleased with you.
You were not hungry.

You visited 1 branch of the dungeon, and saw 8 of its levels.

You collected 434 gold pieces.

Inventory:

Hand Weapons
 b - a +1 hunting sling
Missiles
 a - 18 poisoned darts
 f - 149 stones (quivered)
Armour
 d - the +0 cloak of the Yeti (worn) {Str+3}
   (You found it on level 7 of the Dungeon)

   It affects your strength (+3).
 i - a +1 robe of magic resistance (worn)
 m - a scarf of resistance
Jewellery
 s - a +2 ring of intelligence (right claw)
 u - a ring of poison resistance (left claw)
Wands
 h - a wand of paralysis (4)
Scrolls
 e - a scroll of enchant armour
 j - 2 scrolls of teleportation
 n - a scroll of remove curse
 t - a scroll of amnesia
Potions
 c - 3 potions of heal wounds
 g - 4 potions of ambrosia
 k - a potion of haste
 l - a potion of degeneration
 o - a potion of flight
 p - a potion of brilliance {unknown}
 r - a potion of mutation {unknown}
 v - a potion of agility {unknown}
Comestibles
 q - 10 rations


   Skills:
 - Level 3.2(2.9) Fighting
 - Level 4.0(3.7) Dodging
 - Level 2.7(2.4) Stealth
 + Level 7.8(7.5) Unarmed Combat
 + Level 5.7(5.4) Invocations


You had 7 spell levels left.
You didn't know any spells.
Your spell library was empty.

Dungeon Overview and Level Annotations

Branches:
Dungeon (8/15)             Temple (0/1) D:6
   Lair: D:8-11

Altars:
Ashenzari
Cheibriados
Elyvilon
Gozag
Kikubaaqudgha
Makhleb
Nemelex Xobeh
Qazlal
Ru
Sif Muna
Trog
Uskayaw
Yredelemnul
Zin

Shops:
D:5 (   D:6 *   D:7 (

Annotations:
D:4 1 runed translucent door, feta's ghost, amateur FoFi


Innate Abilities, Weirdness & Mutations

You are too large for most types of armour.
You have claws for hands.
Your metabolism is lightning-fast.
You like to eat raw meat.
Your natural rate of healing is unusually fast.
You are covered in fur. (AC +1)
You have extremely tough skin. (AC +3)


Message History

* * * LOW HITPOINT WARNING * * *
You barely miss the killer bee. Your claw misses the killer bee.
The killer bee is heavily wounded.
The killer bee closely misses you.
The killer bee stings you but does no damage. x2
The killer bee barely misses you.
The killer bee stings you but does no damage.
You scratch the killer bee.
The killer bee is heavily wounded.
You feel sick. The killer bee stings you.
* * * LOW HITPOINT WARNING * * *
The killer bee closely misses you. x2; The killer bee stings you.
* * * LOW HITPOINT WARNING * * *
The killer bee stings you!
* * * LOW HITPOINT WARNING * * *
You closely miss the killer bee.
The killer bee is heavily wounded.
The killer bee stings you!
You die...
Your body rises from the dead as a mindless zombie.

#######.###.# #.##
#.# #.# .#.# #.#
#.# #.#####.# #.#
........###.#
#..ZZ.....<.#
##########..######
....# #.....yy#
###.# #Z#####@#
#.# #.# #y# #.#
#.# ###.# #.# #.#
#...# #.# #.#
#.### #.# #.# #.#
#.# #.###.###### #
#.# #..........#
###.# #.......##.#


You could see 3 killer bees.

Vanquished Creatures
  Duvessa (D:4)
  An orc warrior (D:7)
  An ice beast (D:5)
  4 ogres
  A phantom (D:5)
  A centaur (D:6)
  A bullfrog (D:6)
  2 scorpions
  Dowan (D:4)
  A killer bee (D:8)
  3 wights (D:7)
  A crimson imp (D:5)
  4 bullfrog skeletons
  A jelly (D:7)
  2 orc priests (D:5)
  2 hounds (D:4)
  2 iguanas (D:4)
  3 orc wizards
  2 worker ants (D:6)
  6 adders
  An adder skeleton (D:5)
  5 worms
  5 dart slugs
  5 leopard geckos
  15 orcs
  8 giant cockroaches
  6 goblins
  6 hobgoblins
  3 jackals (D:1)
  9 kobolds
  9 quokkas
  A ball python (D:2)
  15 bats
  11 frilled lizards
  A leopard gecko skeleton (D:7)
  10 rats
150 creatures vanquished.

Vanquished Creatures (others)
  An ogre zombie (D:5)
  A worm zombie (D:4)
  An adder skeleton (D:4)
  3 bat zombies (D:4)
  3 giant cockroach zombies
  An orc skeleton (D:4)
  An orc zombie (D:5)
11 creatures vanquished.

Grand Total: 161 creatures vanquished

Notes
Turn   | Place    | Note
-------+----------+-------------------------------------------
     0 | D:1      | Gynju the Troll Monk began the quest for the Orb.
     0 | D:1      | Reached XP level 1. HP: 22/22 MP: 0/0
    80 | D:1      | Reached XP level 2. HP: 29/29 MP: 1/1
   342 | D:1      | Reached XP level 3. HP: 36/36 MP: 2/2
   825 | D:2      | Reached XP level 4. HP: 44/44 MP: 3/3
   901 | D:2      | Reached skill level 4 in Unarmed Combat
  1110 | D:2      | Reached XP level 5. HP: 50/50 MP: 4/4
  1680 | D:3      | Found a stormy altar of Qazlal.
  1695 | D:3      | Found a glowing silver altar of Zin.
  1696 | D:3      | Found a sacrificial altar of Ru.
  1697 | D:3      | Found a hide-covered altar of Uskayaw.
  1701 | D:3      | Found a shattered altar of Ashenzari.
  1701 | D:3      | Found a deep blue altar of Sif Muna.
  1706 | D:3      | Found a faded altar of an unknown god.
  1787 | D:3      | Found a basalt altar of Yredelemnul.
  1804 | D:3      | Became a worshipper of Yredelemnul the Dark
  1804 | D:3      | Reached * piety under Yredelemnul
  1804 | D:3      | Reached ** piety under Yredelemnul
  2040 | D:4      | Noticed an ogre
  2108 | D:4      | Noticed Dowan
  2175 | D:3      | Killed an ogre
  2175 | D:3      | Reached XP level 6. HP: 39/59 MP: 5/5
  2205 | D:4      | Killed Dowan
  2205 | D:4      | Reached skill level 1 in Invocations
  2744 | D:4      | Noticed feta's ghost (amateur FoFi)
  2747 | D:4      | Found a runed translucent door.
  2809 | D:4      | You fall into a shaft and drop 1 floor!
  2809 | D:5      | Entered Level 5 of the Dungeon
  2841 | D:4      | Noticed Duvessa
  2855 | D:4      | HP: 1/59 [Duvessa/+0 short sword (4)]
  2856 | D:4      | Killed Duvessa
  2856 | D:4      | Reached XP level 7. HP: 1/67 MP: 7/7
  3170 | D:5      | Reached skill level 5 in Unarmed Combat
  3212 | D:5      | Found a snail-covered altar of Cheibriados.
  3231 | D:5      | Found Joinak Wura's Antique Weapon Boutique.
  3270 | D:5      | Found an ancient bone altar of Kikubaaqudgha.
  3343 | D:5      | Found a burning altar of Makhleb.
  3475 | D:5      | Found an opulent altar of Gozag.
  3530 | D:5      | Reached skill level 6 in Unarmed Combat
  3618 | D:5      | Reached XP level 8. HP: 73/75 MP: 9/9
  4026 | D:6      | Noticed a moth of wrath
  4029 | D:6      | Found a bloodstained altar of Trog.
  4152 | D:6      | Reached skill level 7 in Unarmed Combat
  4279 | D:6      | Found Xeluygum's Assorted Antiques.
  4325 | D:6      | Found a white marble altar of Elyvilon.
  4477 | D:6      | Found a staircase to the Ecumenical Temple.
  4743 | D:7      | Reached skill level 5 in Invocations
  4746 | D:7      | Found a sparkling altar of Nemelex Xobeh.
  4824 | D:7      | Got a crude cloak
  4835 | D:7      | Identified the cursed +0 cloak of the Yeti {Str+3} (You
                  | found it on level 7 of the Dungeon)
  4841 | D:7      | Found Apnyll's Weapon Shoppe.
  5010 | D:7      | Reached *** piety under Yredelemnul
  5413 | D:7      | HP: 1/75 [killer bee (9)]
  5414 | D:7      | Mangled by a killer bee

Levels and vault maps discovered:
D:1:      lemuel_arrival_river_ford, layout_rooms, minmay_lizard_king
D:2:      layout_loops_ring
D:3:      layout_rooms, grunt_temple_overflow_open,
          lemuel_coloured_pillars_altar, nicolae_qazlal_eye_of_the_storm,
          first_ration, chequers_ecumenical_altar_simple_redux
D:4:      layout_loops_ring, ebering_ghost_inner_flame, roderic_batcave,
          uniq_duvessa
D:5:      layout_rooms, kennysheep_mini, kiku_gazebo_garden_becter, basic_altar,
          serial_shops, shop, cheibriados_altar_1
D:6:      layout_loops_ring, kennysheep_little_box, minmay_temple_entry_statues,
          serial_shops, shop, tgw_trog
D:7:      layout_loops_ring, nemelex_xobeh_ov_fountains_minmay, serial_shops,
          kennysheep_mini_moat
D:8:      layout_loops_cross, the_bakery, kennysheep_generic_room_15

Skill      XL: |  1  2  3  4  5  6  7  8 |
---------------+-------------------------+-----
Dodging        | 3 4 |  4.0
Stealth        | 2 |  2.7
Unarmed Combat | 4 6 7 |  7.8
Invocations    | 1 3 5 |  5.7
Fighting       | 3 |  3.2

Action                   |  1- 3 |  4- 6 |  7- 9 || total
-------------------------+-------+-------+-------++-------
Melee: Unarmed           |   115 |   153 |   182 ||   450
       Punch             |       |       |     4 ||     4
 Fire: Hunting sling     |       |       |     2 ||     2
Throw: Stone             |       |       |     9 ||     9
Invok: Animate Remains   |       |     9 |     4 ||    13
       Injury Mirror     |       |     1 |     3 ||     4
       Recall Undead Sla |       |     1 |     2 ||     3
       Animate Dead      |       |       |     2 ||     2
  Use: Scroll            |       |       |    12 ||    12
 Stab: Sleeping          |     2 |     9 |     2 ||    13
  Eat: Chunk             |    13 |    17 |    24 ||    54
Armor: Robe              |    38 |    68 |    70 ||   176
Dodge: Dodged            |    66 |    89 |   126 ||   281

Table legend:
 A = Non-vault XP
 B = Vault XP
 C = Vault XP percentage of total XP
 D = Non-vault monster count
 E = Vault monster count
 F = Vault count percentage of total count
                 A         B        C        D         E       F
            +---------+---------+-------+---------+---------+-------
      Total |    2335 |     242 |   9.4 |     127 |      23 |  15.3
            +---------+---------+-------+---------+---------+-------
        D:1 |      40 |       9 |  18.4 |      23 |       7 |  23.3
        D:2 |     155 |       0 |   0.0 |      27 |       0 |   0.0
        D:3 |     155 |       0 |   0.0 |      19 |       0 |   0.0
        D:4 |     260 |     220 |  45.8 |      14 |      11 |  44.0
        D:5 |     858 |       0 |   0.0 |      22 |       0 |   0.0
        D:6 |     366 |      13 |   3.4 |       9 |       5 |  35.7
        D:7 |     440 |       0 |   0.0 |      12 |       0 |   0.0
        D:8 |      61 |       0 |   0.0 |       1 |       0 |   0.0
            +---------+---------+-------+---------+---------+-------
